AAA
ROUND ROCK EXPRESS @ EDMONTON EDGE
07/10/2051
 
TOP OF THE 1ST
Nashville Sounds batting - Pitching for Sacramento River Cats : RHP Aryan Gullion
Pitching: RHP Aryan Gullion
Batting: LHB Odúbel Díaz 0-0: Called Strike
0-1: Ball
1-1: Foul Ball, location: 2F
1-2: Ball
2-2: Ground out 6-3 (Groundball, 56, EV 100.6 MPH)
Batting: RHB Jeffrey Cade 0-0: Foul Ball, location: 2F
0-1: Called Strike
0-2: SINGLE (Groundball, 56S, EV 62.5 MPH) (infield hit)
Batting: RHB Grayson Burdick 0-0: Called Strike
Jeffrey Cade is caught stealing 2nd base 2-4
0-1: SINGLE (Line Drive, 89S, EV 104.4 MPH)
Batting: RHB Gerardo Frias 0-0: Called Strike
0-1: Called Strike
0-2: Strikes out swinging
Top of the 1st over - 0 runs, 2 hits, 0 errors, 1 left on base; Nashville 0 - Sacramento 0
BOTTOM OF THE 1ST
Sacramento River Cats batting - Pitching for Nashville Sounds : RHP Alex Dominguez
Pitching: RHP Alex Dominguez
Batting: RHB Alexander Martin 0-0: Fly out, F9 (Flyball, 9D, EV 109.4 MPH)
Batting: RHB Dandre Morris 0-0: Called Strike
0-1: Swinging Strike
0-2: SINGLE (Line Drive, 7S, EV 96.2 MPH)
Batting: RHB Ashton Warren 0-0: Ball
1-0: Fly out, F8 (Flyball, 8LXD, EV 97.5 MPH)
Batting: RHB Jesús Escobedo 0-0: SINGLE (Groundball, 4MD, EV 98.1 MPH)
Dandre Morris to second
Runner from 2nd tries for 3rd, SAFE, no throw by CF
Batting: RHB Joe Carsten 0-0: Fielders Choice at 2nd, 6-4 (Groundball, 6, EV 106.9 MPH)
Bottom of the 1st over - 0 runs, 2 hits, 0 errors, 2 left on base; Nashville 0 - Sacramento 0
TOP OF THE 2ND
Nashville Sounds batting - Pitching for Sacramento River Cats : RHP Aryan Gullion
Batting: RHB Chuck Floyd 0-0: Called Strike
0-1: Ball
1-1: Ball
2-1: Foul Ball, location: 2F
2-2: Ball
3-2: Strikes out looking
Batting: RHB Kiefer Thibodeau 0-0: Called Strike
0-1: Ball
1-1: Called Strike
1-2: Strikes out swinging
Batting: RHB Langston Krauss 0-0: Called Strike
0-1: Ball
1-1: Ball
2-1: Fly out, F8 (Flyball, 8LD, EV 103.1 MPH)
Top of the 2nd over - 0 runs, 0 hits, 0 errors, 0 left on base; Nashville 0 - Sacramento 0
BOTTOM OF THE 2ND
Sacramento River Cats batting - Pitching for Nashville Sounds : RHP Alex Dominguez
Batting: LHB Gustavo Cabrera 0-0: Ground out 5-3 (Groundball, 5, EV 107.5 MPH)
Batting: RHB Roansy Estevez 0-0: Called Strike
0-1: Ground out 5-3 (Groundball, 56S, EV 63.1 MPH)
Batting: RHB Gabriel Brock 0-0: Foul Ball, location: 2F
0-1: Called Strike
0-2: Foul Ball, location: 2F
0-2: Ground out U3 (Groundball, 34S, EV 83.1 MPH)
Bottom of the 2nd over - 0 runs, 0 hits, 0 errors, 0 left on base; Nashville 0 - Sacramento 0
TOP OF THE 3RD
Nashville Sounds batting - Pitching for Sacramento River Cats : RHP Aryan Gullion
Batting: RHB Jeff Laberge 0-0: Ball
1-0: DOUBLE (Line Drive, 7D, EV 98.1 MPH)
Batting: RHB Thiago Mejia 0-0: Ball
1-0: Ball
2-0: Ball
3-0: Base on Balls
Batting: LHB Odúbel Díaz 0-0: Ball
1-0: Called Strike
1-1: SINGLE (Groundball, 25, EV 73.1 MPH) (infield hit)
Jeff Laberge to third
Thiago Mejia to second
Batting: RHB Jeffrey Cade 0-0: Ball
1-0: Swinging Strike
1-1: Called Strike
1-2: Fly out, F8 (Flyball, 89M, EV 87.5 MPH)
Batting: RHB Grayson Burdick 0-0: Called Strike
0-1: Foul Ball, location: 2F
0-2: Foul Ball, location: 2F
0-2: Ball
1-2: Foul Ball, location: 2F
1-2: Foul Ball, location: 2F
1-2: Ball
2-2: Foul Ball, location: 2F
2-2: Ball
3-2: SINGLE (Flyball, 5D, EV 88.8 MPH)
Jeff Laberge scores
Thiago Mejia to third
Odúbel Díaz to second
Batting: RHB Gerardo Frias 0-0: Called Strike
0-1: Ball
1-1: Swinging Strike
1-2: Foul Ball, location: 2F
1-2: Foul Ball, location: 2F
1-2: Ball
2-2: Ball
3-2: Foul Ball, location: 2F
3-2: Foul Ball, location: 2F
3-2: Base on Balls
Thiago Mejia scores
Odúbel Díaz to third
Grayson Burdick to second
Batting: RHB Chuck Floyd 0-0: Foul Ball, location: 2F
0-1: Fly out, F8 (Flyball, 8RXD, EV 86.9 MPH)
Runner from 3rd tags up, SCORES, no throw by CF
Batting: RHB Kiefer Thibodeau 0-0: Ball
1-0: Ball
2-0: Swinging Strike
2-1: Ball
3-1: Called Strike
3-2: Strikes out looking
Top of the 3rd over - 3 runs, 3 hits, 0 errors, 2 left on base; Nashville 3 - Sacramento 0
BOTTOM OF THE 3RD
Sacramento River Cats batting - Pitching for Nashville Sounds : RHP Alex Dominguez
Batting: LHB Ben Fay 0-0: Foul Ball, location: 2F
0-1: Swinging Strike
0-2: Strikes out swinging
Batting: RHB Alexander Martin 0-0: Called Strike
0-1: Foul Ball, location: 2F
0-2: SINGLE (Groundball, 6MD, EV 99.4 MPH)
Batting: RHB Dandre Morris 0-0: Called Strike
0-1: Fly out, F5 (Popup, 5S, EV 75.0 MPH)
Batting: RHB Ashton Warren 0-0: Ball
1-0: Called Strike
1-1: Swinging Strike
1-2: Ball
2-2: SINGLE (Groundball, 56D, EV 95.6 MPH)
Alexander Martin to second
Batting: RHB Jesús Escobedo 0-0: Ball
1-0: Ball
2-0: Ball
3-0: Called Strike
3-1: Called Strike
3-2: Base on Balls
Alexander Martin to third
Ashton Warren to second
Batting: RHB Joe Carsten 0-0: Ground out 6-3 (Groundball, 6S, EV 83.8 MPH)
Bottom of the 3rd over - 0 runs, 2 hits, 0 errors, 3 left on base; Nashville 3 - Sacramento 0
TOP OF THE 4TH
Nashville Sounds batting - Pitching for Sacramento River Cats : RHP Aryan Gullion
Batting: RHB Langston Krauss 0-0: Called Strike
0-1: SINGLE (Groundball, 4MD, EV 97.5 MPH)
Batting: RHB Jeff Laberge 0-0: Ball
1-0: Foul Ball, location: 2F
1-1: Called Strike
1-2: Foul Ball, location: 2F
1-2: Ball
2-2: Ball
3-2: Base on Balls
Langston Krauss to second
Batting: RHB Thiago Mejia 0-0: Swinging Strike
0-1: Ball
1-1: Swinging Strike
1-2: Ball
2-2: Ball
3-2: Strikes out swinging
Batting: LHB Odúbel Díaz 0-0: Called Strike
0-1: Ball
1-1: Foul Ball, location: 2F
1-2: Ball
2-2: Ball
3-2: SINGLE (Groundball, 4MD, EV 103.1 MPH)
Langston Krauss to third
Jeff Laberge to second
Pitching: RHP Matis Lorique
Batting: RHB Jeffrey Cade 0-0: Swinging Strike
0-1: Ball
1-1: Ball
2-1: Foul Ball, location: 2F
2-2: Ball
3-2: Base on Balls
Langston Krauss scores
Jeff Laberge to third
Odúbel Díaz to second
Batting: RHB Grayson Burdick 0-0: Ball
1-0: Ball
2-0: Called Strike
2-1: Ball
3-1: Fielders Choice at 2nd, 5-4 (Groundball, 56S, EV 78.1 MPH)
Jeff Laberge scores
Odúbel Díaz to third
Batting: RHB Gerardo Frias 0-0: Fly out, F7 (Flyball, 7LM, EV 95.6 MPH)
Top of the 4th over - 2 runs, 2 hits, 0 errors, 2 left on base; Nashville 5 - Sacramento 0
BOTTOM OF THE 4TH
Sacramento River Cats batting - Pitching for Nashville Sounds : RHP Alex Dominguez
Batting: LHB Gustavo Cabrera 0-0: Ground out U3 (Groundball, 3, EV 103.1 MPH)
Batting: RHB Roansy Estevez 0-0: Foul Ball, location: 2F
0-1: SINGLE (Flyball, 8RS, EV 90.6 MPH)
Batting: RHB Gabriel Brock 0-0: Called Strike
0-1: Ball
1-1: Fly out, F3 (Popup, 3S, EV 76.9 MPH)
Batting: LHB Ben Fay 0-0: Ball
1-0: Fly out, F4 (Popup, 4MD, EV 73.1 MPH)
Bottom of the 4th over - 0 runs, 1 hit, 0 errors, 1 left on base; Nashville 5 - Sacramento 0
TOP OF THE 5TH
Nashville Sounds batting - Pitching for Sacramento River Cats : RHP Matis Lorique
Batting: RHB Chuck Floyd 0-0: Called Strike
0-1: DOUBLE (Line Drive, 7LS, EV 111.2 MPH)
Batting: RHB Kiefer Thibodeau 0-0: Ball
1-0: Fly out, F9 (Flyball, 9, EV 76.2 MPH)
Batting: RHB Langston Krauss 0-0: Ball
1-0: Foul Ball, location: 2F
1-1: SINGLE (Flyball, 34D, EV 92.5 MPH)
Chuck Floyd to third
Batting: RHB Jeff Laberge 0-0: Ball
1-0: Foul Ball, location: 2F
1-1: Swinging Strike
1-2: Strikes out swinging
Batting: RHB Thiago Mejia 0-0: Foul Ball, location: 2F
0-1: Called Strike
0-2: Ball
1-2: Ball
2-2: Strikes out swinging
Top of the 5th over - 0 runs, 2 hits, 0 errors, 2 left on base; Nashville 5 - Sacramento 0
BOTTOM OF THE 5TH
Sacramento River Cats batting - Pitching for Nashville Sounds : RHP Alex Dominguez
Batting: RHB Alexander Martin 0-0: Ball
1-0: Called Strike
1-1: Swinging Strike
1-2: Ball
2-2: Strikes out looking
Batting: RHB Dandre Morris 0-0: Ball
1-0: Called Strike
1-1: Ball
2-1: Fly out, F8 (Flyball, 8RD, EV 84.4 MPH)
Batting: RHB Ashton Warren 0-0: Hit by Pitch
Batting: RHB Jesús Escobedo 0-0: Called Strike
0-1: SINGLE (Groundball, 56D, EV 95.0 MPH)
Ashton Warren to second
Batting: RHB Joe Carsten 0-0: Called Strike
0-1: Ball
1-1: Foul Ball, location: 2F
1-2: Foul Ball, location: 2F
1-2: Ball
2-2: Foul Ball, location: 2F
2-2: Foul Ball, location: 2F
2-2: SINGLE (Line Drive, 7S, EV 98.1 MPH)
Ashton Warren to third
Jesús Escobedo to second
Runner from 3rd tries for Home, SAFE, throw by LF to home
Batting: LHB Gustavo Cabrera 0-0: Ball
1-0: Foul Ball, location: 2F
1-1: Ground out 1-3 (Groundball, 13S, EV 62.5 MPH)
Bottom of the 5th over - 1 run, 2 hits, 0 errors, 2 left on base; Nashville 5 - Sacramento 1
TOP OF THE 6TH
Nashville Sounds batting - Pitching for Sacramento River Cats : RHP Matis Lorique
Batting: LHB Odúbel Díaz 0-0: Swinging Strike
0-1: Ball
1-1: Ground out 5-3 (Groundball, 56, EV 100.0 MPH)
Batting: RHB Jeffrey Cade 0-0: Ball
1-0: SINGLE (Groundball, 56D, EV 103.1 MPH)
Batting: RHB Grayson Burdick 0-0: Called Strike
0-1: Ground out 6-3 (Groundball, 6, EV 91.9 MPH)
Jeffrey Cade to second
Batting: RHB Gerardo Frias 0-0: Foul Ball, location: 2F
0-1: Ball
1-1: Ball
2-1: Ball
3-1: Base on Balls
Batting: RHB Chuck Floyd 0-0: Ball
1-0: Ball
2-0: Ball
3-0: Called Strike
3-1: Fly out, F8 (Flyball, 8RM, EV 86.9 MPH)
Top of the 6th over - 0 runs, 1 hit, 0 errors, 2 left on base; Nashville 5 - Sacramento 1
BOTTOM OF THE 6TH
Sacramento River Cats batting - Pitching for Nashville Sounds : RHP Alex Dominguez
Batting: RHB Roansy Estevez 0-0: Called Strike
0-1: SINGLE (Flyball, 8RS, EV 86.9 MPH)
Batting: RHB Gabriel Brock 0-0: Called Strike
0-1: Ball
1-1: Ball
2-1: Called Strike
2-2: Ball
3-2: Grounds into double play, 4-6-3 (Groundball, 4MD, EV 86.9 MPH)
Batting: LHB Ben Fay 0-0: Fly out, F8 (Flyball, 8LM, EV 89.4 MPH)
Bottom of the 6th over - 0 runs, 1 hit, 0 errors, 0 left on base; Nashville 5 - Sacramento 1
TOP OF THE 7TH
Nashville Sounds batting - Pitching for Sacramento River Cats : RHP Matis Lorique
Batting: RHB Kiefer Thibodeau 0-0: Ball
1-0: Ball
2-0: Called Strike
2-1: Called Strike
2-2: Strikes out swinging
Batting: RHB Langston Krauss 0-0: Ball
1-0: Ball
2-0: Ground out 6-3 (Groundball, 6, EV 82.5 MPH)
Batting: RHB Jeff Laberge 0-0: Ball
1-0: Ball
2-0: Fly out, F8 (Flyball, 8RM, EV 73.1 MPH)
Top of the 7th over - 0 runs, 0 hits, 0 errors, 0 left on base; Nashville 5 - Sacramento 1
BOTTOM OF THE 7TH
Sacramento River Cats batting - Pitching for Nashville Sounds : RHP Alex Dominguez
Batting: RHB Alexander Martin 0-0: Ball
1-0: Ball
2-0: Ground out U3 (Groundball, 34, EV 98.8 MPH)
Batting: RHB Dandre Morris 0-0: Ball
1-0: Called Strike
1-1: Ball
2-1: Ball
3-1: Base on Balls
Batting: RHB Ashton Warren 0-0: Ball
1-0: Ball
2-0: SINGLE (Line Drive, 89S, EV 108.1 MPH)
Dandre Morris to second
Batting: RHB Jesús Escobedo 0-0: Ball
1-0: Ball
2-0: Called Strike
2-1: Foul Ball, location: 2F
2-2: Ball
3-2: SINGLE (Groundball, 6MD, EV 111.2 MPH)
Dandre Morris to third
Ashton Warren to second
Runner from 3rd tries for Home, SAFE, throw by CF to home
Batting: RHB Joe Carsten 0-0: Ball
1-0: Ball
2-0: Ball
3-0: Called Strike
3-1: Fly out, F8 (Flyball, 8LM, EV 85.6 MPH)
Batting: LHB Gustavo Cabrera 0-0: Called Strike
0-1: Foul Ball, location: 2F
0-2: Ball
1-2: Fielders Choice at 2nd, 6-4 (Groundball, 6, EV 85.6 MPH)
Bottom of the 7th over - 1 run, 2 hits, 0 errors, 2 left on base; Nashville 5 - Sacramento 2
TOP OF THE 8TH
Nashville Sounds batting - Pitching for Sacramento River Cats : RHP Matis Lorique
Batting: RHB Thiago Mejia 0-0: Ball
1-0: SINGLE (Groundball, 6MD, EV 97.5 MPH)
Pitching: LHP Ron Ulrich
Batting: LHB Odúbel Díaz 0-0: Bunted foul
0-1: Bunt - Flyout to 15! F1
Batting: RHB Jeffrey Cade 0-0: Ball
1-0: Ball
2-0: Called Strike
2-1: Ball
3-1: Base on Balls
Thiago Mejia to second
Batting: RHB Grayson Burdick 0-0: Called Strike
0-1: 3-RUN HOME RUN (Flyball, 9D, EV 96.9 MPH), Distance : 353 ft
Batting: RHB Gerardo Frias 0-0: Swinging Strike
0-1: Ground out 4-3 (Groundball, 4, EV 81.9 MPH)
Batting: RHB Chuck Floyd 0-0: Called Strike
0-1: Ball
1-1: Ball
2-1: Swinging Strike
2-2: Fly out, F7 (Flyball, 7D, EV 96.2 MPH)
Top of the 8th over - 3 runs, 2 hits, 0 errors, 0 left on base; Nashville 8 - Sacramento 2
BOTTOM OF THE 8TH
Sacramento River Cats batting - Pitching for Nashville Sounds : RHP Alex Dominguez
Batting: RHB Roansy Estevez 0-0: Ball
1-0: Ball
2-0: Called Strike
2-1: Ball
3-1: Reached on error, E6 (Groundball, 6MD, EV 85.0 MPH)
Batting: RHB Gabriel Brock 0-0: SINGLE (Groundball, 56S, EV 65.0 MPH) (infield hit)
Roansy Estevez to third
Pitching: RHP Jason Blankenship
Batting: LHB Ben Fay 0-0: Foul Ball, location: 2F
0-1: Called Strike
0-2: Strikes out looking
Pinch Hitting: LHB Byram Lombardi 0-0: Fly out, F5 (Popup, 5F, EV 63.1 MPH)
Pinch Hitting: LHB Earnest Ellis 0-0: Ball
1-0: Ball
2-0: Ball
3-0: Called Strike
3-1: Called Strike
3-2: Base on Balls
Gabriel Brock to second
Batting: RHB Ashton Warren 0-0: Called Strike
0-1: Foul Ball, location: 2F
0-2: Strikes out swinging
Bottom of the 8th over - 0 runs, 1 hit, 1 error, 3 left on base; Nashville 8 - Sacramento 2
TOP OF THE 9TH
Nashville Sounds batting - Pitching for Sacramento River Cats : LHP Ron Ulrich
Now at 1B: Byram Lombardi
Now at 2B: Joe Carsten
Now in LF: Cole Rickman
Batting: RHB Kiefer Thibodeau 0-0: Called Strike
0-1: Ball
1-1: Ball
2-1: SOLO HOME RUN (Flyball, 7LD, EV 100.0 MPH), Distance : 350 ft
Pinch Hitting: RHB Sebastian Lee 0-0: Ball
1-0: Ball
2-0: Ball
3-0: Swinging Strike
3-1: Base on Balls
Batting: RHB Jeff Laberge 0-0: Ball
1-0: Called Strike
1-1: Ball
2-1: Fly out, F8 (Flyball, 8RS, EV 87.5 MPH)
Batting: RHB Thiago Mejia 0-0: Ball
Passed Ball!
Sebastian Lee to second
1-0: Ball
2-0: Ball
3-0: Called Strike
3-1: Foul Ball, location: 2F
3-2: Strikes out looking
Batting: LHB Odúbel Díaz 0-0: Swinging Strike
0-1: Foul Ball, location: 2F
0-2: Strikes out swinging
Top of the 9th over - 1 run, 1 hit, 0 errors, 1 left on base; Nashville 9 - Sacramento 2
BOTTOM OF THE 9TH
Sacramento River Cats batting - Pitching for Nashville Sounds : RHP Jason Blankenship
Now at 1B: Luca O'Brien
Batting: RHB Jesús Escobedo 0-0: Ball
1-0: Called Strike
1-1: Ball
2-1: Ball
3-1: Foul Ball, location: 2F
3-2: Strikes out looking
Batting: RHB Joe Carsten 0-0: Ball
1-0: Ball
2-0: Called Strike
2-1: Called Strike
2-2: Foul Ball, location: 2F
2-2: Ball
3-2: Strikes out swinging
Batting: LHB Gustavo Cabrera 0-0: Called Strike
0-1: Called Strike
0-2: Strikes out swinging
Bottom of the 9th over - 0 runs, 0 hits, 0 errors, 0 left on base; Nashville 9 - Sacramento 2
Thursday, March 21st , 2024 - OOTP Baseball 24.11 Build 85